 Dungeon Crawl Stone Soup version 0.30-a0-830-gfe289a77b0 (webtiles) character file.

Game seed: 263616187554383289

90169 Persimmons the Carver (level 15, -4/117 HPs)
             Began as a Demonspawn Reaver on Feb 28, 2023.
             Was the Champion of Cheibriados.
             Slain by a brown ugly thing (6 damage)
             ... on level 14 of the Dungeon on Sept 21, 2023.
             The game lasted 01:36:03 (28866 turns).

Persimmons the Carver (Demonspawn Reaver)          Turns: 28866, Time: 01:36:03

Health: -4/117     AC: 29    Str: 32    XL:     15   Next: 51%
Magic:  32/32      EV: 18    Int: 34    God:    Cheibriados [******]
Gold:   1486       SH: 16    Dex: 28    Spells: 7/25 levels left

rFire   + + .      SeeInvis .    X - +6 double sword (heavy)
rCold   . . .      Faith    .    P - +0 buckler
rNeg    + . .      Spirit   .    a - +6 ring mail of the Planets {rF+ Int+3 Slay+3}
rPois   +          Reflect  +    A - +2 helmet
rElec   +          Harm     .    N - +0 cloak
rCorr   .          Rampage  .    h - +2 pair of gloves
Will    ++...                    U - +2 pair of boots {Fly}
Stlth   +++                      k - amulet "Orevoeme" {Reflect rPois MP+9 SH+5}
HPRegen 0.39/turn                j - ring of protection from fire
MPRegen 0.23/turn                K - ring "Gidaf" {rElec rPois rN+ Will+}

@: flying, very slow
A: hooves 2, thin metallic scales 1, icemail 1, powered by death 2, condensation
shield
a: Renounce Religion, Bend Time, Temporal Distortion, Slouch, Step From Time


You were on level 14 of the Dungeon.
You worshipped Cheibriados.
Cheibriados was exalted by your worship.
You visited 3 branches of the dungeon, and saw 22 of its levels.
You also visited: Sewer, Ossuary, Bailey and Ice Cave.

You collected 2975 gold pieces.
You spent 1489 gold pieces at shops.

Inventory:

Hand Weapons
 S - the +9 war axe of Circularity {antimagic, Stlth+}
   (You found it on level 5 of the Lair of Beasts)

   Stlth:     It makes you more stealthy.
 X - a +6 heavy double sword (weapon)
Missiles
 f - 10 javelins (quivered)
 F - 6 curare-tipped darts
Armour
 a - the +6 ring mail of the Planets (worn) {rF+ Int+3 Slay+3}
   (You found it on level 11 of the Dungeon)

   Int:       It affects your intelligence (+3).
   Slay:      It affects your accuracy & damage with ranged weapons and melee
   (+3).
   rF:        It protects you from fire.
 h - a +2 pair of gloves (worn)
 u - the +4 leather armour "Kophu" {rPois Dex+2}
   (You bought it in a shop on level 1 of the Dungeon)

   Dex:       It affects your dexterity (+2).
   rPois:     It protects you from poison.
 A - a +2 helmet (worn)
 I - the +1 ring mail of Grace {-Tele rElec rCorr}
   (You found it on level 5 of the Dungeon)

   rElec:     It insulates you from electricity.
   -Tele:     It prevents most forms of teleportation.
   rCorr:     It protects you from acid and corrosion.
 N - a +0 cloak (worn)
 P - a +0 buckler (worn)
 U - a +2 pair of boots of flying (worn)
Jewellery
 j - a ring of protection from fire (left hand)
 k - the amulet "Orevoeme" (around neck) {Reflect rPois MP+9 SH+5}
   (You acquired it on level 4 of the Dungeon)

   [amulet of reflection]

   It reflects blocked missile attacks.
   rPois:     It protects you from poison.
   MP:        It affects your magic capacity (+9).
   SH:        It affects your SH (+5).
 m - a +6 ring of strength
 E - the ring "Cezidgh" {rPois Will+}
   (You found it in an ice cave)

   [ring of willpower]

   rPois:     It protects you from poison.
   Will:      It increases your willpower.
 K - the ring "Gidaf" (right hand) {rElec rPois rN+ Will+}
   (You found it on level 5 of the Lair of Beasts)

   [ring of positive energy]

   rElec:     It insulates you from electricity.
   rPois:     It protects you from poison.
   rN:        It protects you from negative energy.
   Will:      It increases your willpower.
 Q - a ring of protection from cold
 T - a ring of protection from fire
Wands
 o - a wand of acid (1)
 J - a wand of mindburst (26)
 L - a wand of iceblast (20)
 M - a wand of charming (6)
 W - a wand of flame (12)
 Y - a wand of digging (5)
Scrolls
 b - a scroll of silence
 d - 12 scrolls of teleportation
 i - 2 scrolls of fog
 n - a scroll of enchant weapon
 q - a scroll of magic mapping
 s - a scroll of amnesia
 x - 4 scrolls of butterflies
 y - 3 scrolls of fear
 B - 3 scrolls of torment {unknown}
 C - 3 scrolls of enchant armour
 R - 3 scrolls of blinking
 Z - 2 scrolls of immolation
Potions
 c - 4 potions of magic
 e - 10 potions of flight
 l - 5 potions of cancellation
 p - 2 potions of resistance
 r - 4 potions of heal wounds
 t - 4 potions of ambrosia
 v - 3 potions of attraction
 w - 12 potions of curing
 z - 5 potions of invisibility
 D - 3 potions of lignification
 H - 2 potions of might
 O - 5 potions of brilliance
 V - a potion of berserk rage
Miscellaneous
 g - a lightning rod (4/4)
 G - a phial of floods


   Skills:
 - Level 10.5 Fighting
 - Level 6.6(9.6) Short Blades
 + Level 10.9(11.7) Long Blades
 - Level 10.0 Maces & Flails
 - Level 5.7 Armour
 - Level 7.4 Dodging
 - Level 5.2 Stealth
 - Level 4.7 Shields
 - Level 5.6 Spellcasting
 - Level 7.3 Conjurations
 - Level 7.0 Summonings
 - Level 1.7 Necromancy
 - Level 5.7 Translocations
 - Level 1.0 Fire Magic
 - Level 1.0 Ice Magic
 - Level 1.0 Air Magic
 - Level 9.8 Invocations
 - Level 4.5 Evocations


You had 7 spell levels left.
You knew the following spells:

 Your Spells              Type           Power      Damage    Failure   Level
a - Kiss of Death         Conj/Necr      100%       2d13      1%          1
b - Momentum Strike       Conj/Tloc      100%       3d10      1%          2
c - Call Canine Familiar  Summ           55%        N/A       1%          3
d - Hailstorm             Conj/Ice       38%        3d9       3%          3
e - Kindle Blastsparks    Fire/Tloc/Air  54%        2d14      8%          3
f - Blink                 Tloc           96%        N/A       1%          2
g - Manifold Assault      Tloc           48%        N/A       7%          4

Your spell library contained the following spells:

 Spells                   Type           Power      Damage    Failure   Level
 Apportation              Tloc           96%        N/A       1%          1
 Summon Small Mammal      Summ           100%       N/A       1%          1
 Necrotise                Necr           84%        1d8       3%          1
 Summon Guardian Golem    Hex/Summ       33%        N/A       4%          3
 Mephitic Cloud           Conj/Pois/Air  28%        N/A       7%          3
 Portal Projectile        Hex/Tloc       58%        N/A       7%          3
 Cigotuvi's Dreadful Rot  Necr/Pois/Air  30%        N/A       8%          2
 Ensorcelled Hibernation  Hex/Ice        26%        N/A       9%          2
 Poisonous Vapours        Pois/Air       26%        N/A       9%          2
 Iskenderun's Battlesphe  Conj           56%        2d11      10%         5
 Flame Wave               Conj/Fire      37%        2d10      13%         4
 Sticky Flame             Conj/Fire      37%        2d6       13%         4
 Ignite Poison            Fire/Tmut/Pois 11%        N/A       19%         3
 Inner Flame              Hex/Fire       13%        N/A       19%         3
 Spider Form              Tmut/Pois      9%         N/A       22%         3
 Tukima's Dance           Hex            9%         N/A       22%         3
 Anguish                  Hex/Necr       7%         N/A       45%         4
 Freezing Cloud           Conj/Ice/Air   15%        6-21      50%         5
 Blade Hands              Tmut           4%         N/A       90%         5
 Iron Shot                Conj/Erth      17%        9d4       94%         6
 Spellforged Servitor     Conj/Summ      27%        N/A       97%         7
 Simulacrum               Ice/Necr       9%         N/A       99%         6
 Storm Form               Tmut/Air       6%         N/A       100%        7
 Polar Vortex             Ice            8%         N/A       100%        9


Dungeon Overview and Level Annotations

Branches:
Dungeon (15/15)            Temple (0/1) D:4            Lair (5/5) D:8
  Swamp (0/4) Lair:2       Spider (0/4) Lair:3        Slime (0/5) Lair:4
    Orc (2/2) D:9             Elf (0/3) Orc:2        Vaults (0/5) D:14
 Depths (0/4) D:15          Sewer (visited)         Ossuary (visited)
 Bailey (visited)           IceCv (visited)

Altars:
Cheibriados
Kikubaaqudgha
Okawaru
Ru
Vehumet
Wu Jian
Yredelemnul
Jiyva

Shops:
D:1 *   D:4 !   Orc:2 *(?:*

Portals:
Pandemonium: Orc:2
Trove: D:10 (give +2 shadow dragon scales)

Annotations:
Lair:1 exclusion: oklob plant


Innate Abilities, Weirdness & Mutations

You have hoof-like feet.
You are partially covered in thin metallic scales. (AC +2)
A meltable icy envelope protects you from harm. (AC +4)
You regenerate health from kills.
A meltable shield of frost defends you. (SH +4)


Message History

The brown ugly thing basks in the mutagenic energy from its kin and changes!
The cyan ugly thing barely misses you. The brown ugly thing misses you.
The brown ugly thing completely misses you.
You block the cyan ugly thing's attack.
The green ugly thing headbutts you but does no damage.
You block the brown ugly thing's attack.
The cyan ugly thing misses you.
The green ugly thing basks in the mutagenic energy from its kin and changes!
You block the brown ugly thing's attack.
The cyan ugly thing basks in the mutagenic energy from its kin and changes!
You block the brown ugly thing's attack. x2
You block the brown ugly thing's attack.
The brown ugly thing basks in the mutagenic energy from its kin and changes!
The brown ugly thing completely misses you.
The brown ugly thing basks in the mutagenic energy from its kin and changes!
You block the brown ugly thing's attack.
You block the brown ugly thing's attack.
The purple ugly thing basks in the mutagenic energy from its kin and changes!
The green ugly thing closely misses you.
The brown ugly thing kicks you but does no damage.
The green ugly thing completely misses you.
You block the brown ugly thing's attack.
The green ugly thing trunk-slaps you but does no damage.
The green ugly thing engulfs you but does no damage.
The brown ugly thing kicks you but does no damage.
You block the green ugly thing's attack.
The green ugly thing basks in the mutagenic energy from its kin and changes!
You block the green ugly thing's attack.
The brown ugly thing closely misses you.
You block the green ugly thing's attack.
The green ugly thing basks in the mutagenic energy from its kin and changes!
You block the green ugly thing's attack.
The brown ugly thing kicks you but does no damage.
The green ugly thing trunk-slaps you.
* * * LOW HITPOINT WARNING * * *
The green ugly thing closely misses you.
The brown ugly thing barely misses you. The green ugly thing trunk-slaps you!
* * * LOW HITPOINT WARNING * * *
The brown ugly thing kicks you.
You die...

..... ......###
############ ........#
#..........# ........#
#..........# ........#
###..........# ......uu#
#))).(.......#
......#u####.#..........#
.....#.u@..))#..........#
.....#.u....^#..........#
....####.[.####.##.######
###..#.......#..##.#
#..#...#...#..##.# ##
#...###'#'###..##(# #.
#.#.....#.....###.# #.
#..#...#_#.#...##}.# #.
#. #...#####...##..#####.


You could see 5 ugly things.

Vanquished Creatures
  A reaper (IceCv)
  A stone giant (D:15)
  Azrael (D:15)
  A demonspawn (Orc:2)
  2 hydras (Lair:3)
  5 boulder beetles
  6 two-headed ogres
  6 centaur warriors
  A merfolk avatar (Lair:5)
  6 orc high priests (Orc:2)
  2 tengu warriors (D:13)
  Amaemon (D:9)
  3 skysharks
  The ghost of sirJeffrey23 the Fighter, a novice DsFi of Makhleb (D:8)
  3 skeletal warriors (D:12)
  A pharaoh ant (Lair:3)
  Lodul (D:10)
  2 sea snakes (Lair:5)
  A bog body (Lair:2)
  6 orc knights
  An oklob plant (Lair:3)
  3 harpies (Lair:5)
  A deep elf pyromancer (D:12)
  5 orc sorcerers (Orc:2)
  A manticore (D:13)
  15 ugly things
  6 cyclopes
  7 elephants
  2 black mambas
  A smoke demon (Orc:2)
  Joseph (D:7)
  2 orange demons
  A torpor snail (Lair:4)
  An ice statue (IceCv)
  9 cane toads
  5 gargoyles
  An efreet (D:14)
  A tengu conjurer (D:13)
  A yaktaur (D:15)
  8 komodo dragons
  2 anaconda simulacra (IceCv)
  5 rime drakes
  2 freezing wraiths
  2 ice devils
  5 trolls
  A hornet (D:8)
  A polar bear (Lair:5)
  A tarantella (Lair:3)
  Prince Ribbit (D:5)
  A wind drake (Lair:5)
  A raiju (shapeshifter) (D:14)
  16 blink frogs
  A snapping turtle (Lair:5)
  26 yaks
  3 slime creatures (D:14)
  3 fire elementals (D:15)
  2 vampires
  6 wyverns
  5 dire elephant simulacra (IceCv)
  A wraith (D:13)
  5 basilisks
  A fire bat (shapeshifter) (D:14)
  A basilisk (shapeshifter) (D:14)
  4 vampire mosquitoes
  A redback (Lair:3)
  5 steam dragons
  A death yak simulacrum (IceCv)
  Grum (Lair:1)
  Menkaure (D:7)
  2 wargs
  17 water moccasins
  3 acid dragons
  3 hell hounds (D:15)
  28 orc warriors
  3 black bears
  3 sky beasts (D:7)
  15 ogres
  17 wolves
  13 centaurs
  A phantom (D:5)
  4 kobold brigands
  2 elf zombies (Ossuary)
  9 bullfrogs
  3 necrophages
  A gnoll sergeant (D:9)
  A scorpion (D:5)
  4 two-headed ogre simulacra (IceCv)
  7 wights (D:10)
  3 killer bees (D:9)
  2 elephant simulacra (IceCv)
  2 howler monkeys
  A centaur zombie (D:8)
  7 hounds
  20 orc priests
  2 human zombies (Ossuary)
  2 jellies (D:6)
  Ijyb (D:5)
  3 iguanas
  10 orc wizards
  4 polar bear simulacra (IceCv)
  3 spriggan simulacra (IceCv)
  7 troll simulacra (IceCv)
  A killer bee zombie (D:8)
  A hound zombie (Ossuary)
  4 mummies
  4 gnolls
  14 adders
  7 naga simulacra (IceCv)
  2 river rats (Sewer)
  7 white imps
  7 ufetubi
  5 adder zombies (Ossuary)
  8 worms
  3 dart slugs
  67 orcs
  16 ball pythons
  4 bats
  10 endoplasms
  3 giant cockroaches
  11 hobgoblins
  5 jackals
  7 quokkas
  5 frilled lizards
  3 gnoll zombies (Ossuary)
  12 goblins
  3 goblin zombies (Ossuary)
  3 hobgoblin zombies (Ossuary)
  6 jackal zombies (Ossuary)
  37 kobolds
  3 kobold zombies (Ossuary)
  An orc zombie (Ossuary)
  4 quokka zombies (Ossuary)
  13 rats
  3 rat zombies (Ossuary)
710 creatures vanquished.

Vanquished Creatures (collateral kills)
  2 hydras (D:15)
  A cyclops (Orc:2)
  A manticore (D:15)
  An elephant (Lair:4)
  A black mamba (Lair:3)
  A rime drake (Lair:3)
  2 cane toads (Lair:4)
  2 komodo dragons
  4 blink frogs (Lair:3)
  A jumping spider (Lair:3)
  A yak (Lair:4)
  A steam dragon (Lair:5)
  A swamp worm (Lair:2)
  An acid dragon (D:10)
  2 water moccasins
  3 orc warriors (Orc:2)
  4 wolves
  An electric eel (Lair:2)
  An orc priest (Orc:2)
  3 orc wizards
  A spriggan simulacrum (IceCv)
  A troll simulacrum (IceCv)
  3 gnolls (D:9)
  A naga simulacrum (IceCv)
  9 orcs
  2 kobolds (D:7)
51 creatures vanquished.

Vanquished Creatures (others)
  A black mamba (Lair:4)
  A polar bear (Lair:5)
  Eustachio (D:6)
  An adder (D:5)
  A kobold (D:9)
  A quokka (D:10)
  13 fungi
  49 plants
68 creatures vanquished.

Grand Total: 829 creatures vanquished

Notes
Turn   | Place    | Note
-------+----------+-------------------------------------------
     0 | D:1      | Persimmons the Demonspawn Reaver began the quest for the
                  | Orb.
     0 | D:1      | Reached XP level 1. HP: 16/16 MP: 3/3
   157 | D:1      | Reached skill level 1 in Necromancy
   179 | D:1      | Found Ratoniad's Assorted Antiques.
   211 | D:1      | Gained mutation: You have large cloven feet. [demonic
                  | ancestry]
   211 | D:1      | Reached XP level 2. HP: 22/22 MP: 5/5
   533 | D:1      | Gained mutation: You regenerate a little health from kills.
                  | [demonic ancestry]
   533 | D:1      | Reached XP level 3. HP: 20/24 MP: 6/6
   825 | D:1      | Learned a level 2 spell: Momentum Strike
   911 | D:2      | Reached skill level 1 in Armour
  1324 | D:2      | Reached XP level 4. HP: 23/28 MP: 7/7
  1739 | D:2      | Identified the +6 dagger "Luribe" {flame, Str+3}
  2802 | D:1      | Bought a pearl-studded leather armour for 154 gold pieces
  2802 | D:1      | Identified the +4 leather armour "Kophu" {rPois Dex+2} (You
                  | bought it in a shop on level 1 of the Dungeon)
  2875 | D:3      | Learned a level 3 spell: Call Canine Familiar
  3728 | D:4      | Found a glowing drain.
  3794 | D:4      | Reached skill level 1 in Translocations
  3794 | D:4      | Reached XP level 5. HP: 39/40 MP: 8/8
  3803 | D:4      | Found a snail-covered altar of Cheibriados.
  3811 | D:4      | Became a worshipper of Cheibriados the Contemplative
  3846 | Sewer    | Entered a sewer
  3906 | Sewer    | Reached skill level 1 in Short Blades
  4200 | Sewer    | Reached skill level 1 in Summonings
  4319 | Sewer    | Reached * piety under Cheibriados
  4346 | Sewer    | Gained mutation: You regenerate health from kills. [demonic
                  | ancestry]
  4346 | Sewer    | Reached XP level 6. HP: 42/47 MP: 9/9
  4607 | D:4      | Found a staircase to the Ecumenical Temple.
  4753 | D:4      | Found Erimi's Distillery.
  5412 | D:5      | Entered Level 5 of the Dungeon
  5544 | D:5      | Found an ornate altar of the Wu Jian Council.
  5566 | D:5      | Reached ** piety under Cheibriados
  5748 | D:5      | Reached XP level 7. HP: 46/52 MP: 10/10
  5924 | D:5      | Identified the +1 ring mail of Grace {-Tele rElec rCorr}
  5965 | D:5      | Identified a scroll of acquirement
  5969 | D:5      | Noticed Prince Ribbit
  5983 | D:5      | Killed Prince Ribbit
  5984 | D:5      | Reached skill level 1 in Stealth
  5998 | D:5      | Found a radiant altar of Vehumet.
  6623 | D:5      | Noticed Ijyb
  6633 | D:5      | Killed Ijyb
  6634 | D:5      | Reached XP level 8. HP: 55/60 MP: 12/12
  6859 | D:6      | Reached *** piety under Cheibriados
  6866 | D:6      | Noticed Eustachio
  6873 | D:6      | Killed Eustachio
  6974 | D:6      | Found a sand-covered staircase.
  6981 | Ossuary  | Entered an ossuary
  7078 | Ossuary  | Reached skill level 5 in Fighting
  7116 | Ossuary  | Reached **** piety under Cheibriados
  7158 | Ossuary  | Gained mutation: You are partially covered in thin metallic
                  | scales. (AC +2) [demonic ancestry]
  7158 | Ossuary  | Reached XP level 9. HP: 65/68 MP: 13/13
  7399 | D:1      | Bought an ancient long sword for 187 gold pieces
  7399 | D:1      | Identified the +2 long sword "Kode" {spect, rElec rPois
                  | Str-4 Int+5} (You bought it in a shop on level 1 of the
                  | Dungeon)
  7665 | D:6      | Found an iron altar of Okawaru.
  8380 | D:7      | Reached skill level 5 in Summonings
  8401 | D:7      | Reached ***** piety under Cheibriados
  8502 | D:7      | Noticed Joseph
  8530 | D:7      | Reached skill level 5 in Short Blades
  8919 | D:4      | Bought a potion of heal wounds for 50 gold pieces
  8919 | D:4      | Acquired the amulet "Orevoeme" {Reflect rPois MP+9 SH+5}
  9143 | D:7      | Noticed Menkaure
  9149 | D:7      | Killed Menkaure
  9352 | D:7      | Learned a level 3 spell: Hailstorm
  9353 | D:8      | Found a staircase to the Lair.
  9542 | D:8      | Found a runed translucent gate.
  9542 | D:8      | Found a runed translucent gate.
  9542 | D:8      | Found a runed translucent gate.
  9542 | D:8      | Noticed sirJeffrey23's ghost (novice DsFi)
  9544 | D:8      | Found a basalt altar of Yredelemnul.
 10397 | D:9      | Reached XP level 10. HP: 63/72 MP: 14/14
 10523 | D:9      | Found a staircase to the Orcish Mines.
 10662 | D:9      | Found a flagged portal.
 10675 | D:9      | Learned a level 3 spell: Kindle Blastsparks
 10676 | Bailey   | Entered a bailey
 10704 | Bailey   | Noticed an orc knight
 10734 | Bailey   | Killed an orc knight
 10735 | Bailey   | Reached skill level 5 in Conjurations
 10998 | Bailey   | Reached skill level 1 in Ice Magic
 11004 | Bailey   | Reached skill level 1 in Shields
 11260 | Bailey   | Reached skill level 1 in Invocations
 11527 | D:1      | Bought a silver ring for 110 gold pieces
 11589 | D:4      | Bought a potion of mutation for 80 gold pieces
 11589 | D:4      | Bought a potion of curing for 30 gold pieces
 11666 | Lair:1   | Entered Level 1 of the Lair of Beasts
 11892 | D:9      | Noticed an orange demon
 11896 | D:9      | Noticed Amaemon
 11918 | D:9      | Killed Amaemon
 11919 | D:9      | Reached skill level 1 in Fire Magic
 11919 | D:9      | Reached skill level 1 in Air Magic
 11922 | D:9      | Killed an orange demon
 12089 | D:9      | Noticed a two-headed ogre
 12099 | D:9      | Killed a two-headed ogre
 12100 | D:9      | Reached skill level 5 in Stealth
 12379 | D:10     | Entered Level 10 of the Dungeon
 12935 | D:7      | Noticed an angel
 13019 | D:7      | Killed Joseph
 13020 | D:7      | Gained mutation: A meltable shield of frost defends you.
                  | (SH +4) [demonic ancestry]
 13020 | D:7      | Reached XP level 11. HP: 41/84 MP: 15/15
 13108 | D:8      | Killed sirJeffrey23's ghost
 13109 | D:8      | Reached skill level 1 in Maces & Flails
 13508 | D:10     | Found an ancient bone altar of Kikubaaqudgha.
 13518 | D:10     | Reached skill level 5 in Armour
 13670 | D:10     | Reached skill level 5 in Dodging
 13819 | D:10     | Found a portal to a secret trove of treasure.
 13915 | D:10     | Reached ****** piety under Cheibriados
 14023 | D:11     | Noticed Lodul
 14023 | D:11     | Noticed a two-headed ogre
 14727 | Lair:1   | Noticed an oklob plant
 14814 | Lair:1   | Noticed Grum
 14826 | Lair:1   | Killed Grum
 14827 | Lair:1   | Reached skill level 5 in Invocations
 15326 | Lair:2   | Noticed a boulder beetle
 15343 | Lair:2   | Killed a boulder beetle
 15406 | Lair:2   | Noticed a bog body
 15418 | Lair:2   | Killed a bog body
 15454 | Lair:2   | Found a staircase to the Swamp.
 15460 | Lair:2   | Reached XP level 12. HP: 64/94 MP: 17/17
 15616 | Lair:2   | Reached skill level 5 in Maces & Flails
 16388 | Lair:3   | Noticed a four-headed hydra
 16396 | Lair:3   | Killed a four-headed hydra
 16890 | Lair:3   | Noticed an eight-headed hydra
 16897 | Lair:3   | Killed an eight-headed hydra
 16967 | Lair:3   | Found a hole to the Spider Nest.
 17405 | Lair:4   | Found a frozen archway.
 17426 | IceCv    | Entered an ice cave
 18123 | IceCv    | Reached XP level 13. HP: 97/101 MP: 19/19
 18579 | IceCv    | Noticed a reaper
 18603 | IceCv    | Killed a reaper
 18604 | IceCv    | Reached skill level 1 in Evocations
 18797 | IceCv    | Identified the ring "Cezidgh" {rPois Will+}
 19065 | Orc:1    | Entered Level 1 of the Orcish Mines
 19327 | Orc:2    | Entered Level 2 of the Orcish Mines
 19941 | Orc:2    | Found a staircase to the Elven Halls.
 19967 | Orc:2    | Found Pistec's General Store.
 19975 | Orc:2    | Bought a potion of degeneration for 11 gold pieces
 20021 | Orc:2    | Found Niphai's Magic Scroll Shoppe.
 20045 | Orc:2    | Found Cahiu's General Store.
 20360 | Orc:2    | Reached skill level 5 in Spellcasting
 21035 | Orc:2    | Reached skill level 10 in Fighting
 21055 | Orc:2    | Paralysed by an orc sorcerer for 2 turns
 21252 | Orc:2    | Bought a scroll of identify for 32 gold pieces
 21255 | Orc:2    | Bought a scroll of blinking for 75 gold pieces
 21255 | Orc:2    | Bought a scroll of blinking for 75 gold pieces
 21255 | Orc:2    | Bought a scroll of fear for 40 gold pieces
 21255 | Orc:2    | Bought a scroll of enchant weapon for 75 gold pieces
 21255 | Orc:2    | Bought a scroll of amnesia for 40 gold pieces
 21637 | Orc:2    | Found Honud's Book Boutique.
 21637 | Orc:2    | Found Larghoir's Antique Weapon Shop.
 21637 | Orc:2    | Found a one-way gate leading to the halls of Pandemonium.
 21646 | Orc:2    | Bought a buzzing dagger for 210 gold pieces
 21646 | Orc:2    | Identified the +3 dagger of Yczan {spect, Str+3} (You
                  | bought it in a shop on level 2 of the Orcish Mines)
 21648 | Orc:2    | Bought an Inescapable Atlas for 320 gold pieces
 21651 | Orc:2    | Learned a level 2 spell: Blink
 21656 | Orc:2    | Learned a level 4 spell: Manifold Assault
 21834 | Lair:4   | Found a staircase to the Slime Pits.
 21835 | Lair:4   | Found a viscous altar of Jiyva.
 22067 | Lair:4   | Reached skill level 5 in Translocations
 22593 | Lair:5   | Entered Level 5 of the Lair of Beasts
 22599 | Lair:5   | Gained mutation: You have hoof-like feet. [demonic
                  | ancestry]
 22599 | Lair:5   | Reached XP level 14. HP: 110/110 MP: 21/21
 22619 | Lair:5   | HP: 1/110 [sea snake (16)]
 23366 | Lair:5   | Identified the ring "Gidaf" {rElec rPois rN+ Will+}
 23374 | Lair:5   | Identified the +9 war axe of Circularity {antimagic,
                  | Stlth+}
 24541 | D:10     | Killed Lodul
 24542 | D:10     | Reached skill level 10 in Maces & Flails
 24644 | D:11     | Acquired a +0 heavy double sword
 25066 | D:11     | Identified the +6 ring mail of the Planets {rF+ Int+3
                  | Slay+3}
 25794 | D:12     | Reached skill level 5 in Long Blades
 26050 | D:12     | Found an iron altar of Okawaru.
 26658 | D:13     | Identified the +4 sling of the Countless Emperors {freeze,
                  | Will+}
 26669 | D:13     | Gained mutation: A meltable icy envelope protects you from
                  | harm. (AC +4) [demonic ancestry]
 26669 | D:13     | Reached XP level 15. HP: 117/117 MP: 2/23
 27274 | D:13     | You are sucked into a shaft and drop 2 floors!
 27274 | D:15     | Entered Level 15 of the Dungeon
 27455 | D:15     | Found a staircase to the Depths.
 27738 | D:15     | Noticed Azrael
 27744 | D:15     | Killed Azrael
 28449 | D:14     | Reached skill level 10 in Long Blades
 28449 | D:14     | Found a gate to the Vaults.
 28796 | D:14     | Found a sacrificial altar of Ru.
 28865 | D:14     | HP: 2/117 [green ugly thing (9)]
 28866 | D:14     | Slain by a brown ugly thing

Illustrated notes

Levels and vault maps discovered:
D:1:      nagdon_arrival_double_spiral, layout_loops_ring, serial_shops, shop,
          minmay_tetromino_i4
D:2:      layout_loops_corners, chequers_serial_rivers_small_b
D:3:      layout_basic, minmay_goblin_kobold_house
D:4:      layout_layer_cave, marbit_many_paths, minmay_temple_entry_large_hall,
          cheibrodos_sewer_entry_drain, serial_shops, shop
D:5:      minmay_thinvault, layout_loops_corners, fiery_altar_vehumet,
          mainiacjoe_overflow_cross_hatched, nrook_pool_corridor,
          minmay_strange_pillars, uniq_prince_ribbit1, uniq_ijyb
D:6:      layout_loops_ring, overflow_temple_1_default,
          gup_ossuary_entry_pyramid, chequers_serial_rivers_large_b,
          uniq_eustachio
D:7:      layout_rooms, zin_angel, uniq_menkaure, uniq_joseph
D:8:      layout_basic, nicolae_yredelemnul_ghost_church, lair_entry_dummy,
          kennysheep_flooded_box, nicolae_elevator_lobby_plus
D:9:      layout_rooms, orc_0_dummy, enter_bailey_3, uniq_amaemon
D:10:     layout_stronghold, overflow_temple_1_default, elyvilon_altar_4,
          enter_trove_6
D:11:     layout_stronghold, minmay_door_square, kennysheep_generic_room_11,
          uniq_lodul
D:12:     layout_basic, okawaru_gym_becter
D:13:     layout_long_grid
D:14:     layout_rooms, david_vaults_2, hangedman_ru_absence
D:15:     grunt_enter_depths_giant_problem, layout_stronghold,
          minmay_misc_feat_square, uniq_azrael
Lair:1:   minmay_lair_oklob_tunnel, layout_hall_layers, serial_bayou_shore_b,
          uniq_grum
Lair:2:   layout_concentric_octagons, nicolae_swamp_entry_splash_gauntlet,
          infiniplex_staircase_pool_2
Lair:3:   layout_gridlike, nicolae_spider_entry_lesser_pyramids
Lair:4:   layout_roguey, slime_entry_1, portal_ice_cave_entry_pillars_2,
          grunt_megastairs_4
Lair:5:   gammafunk_lair_ancient_temple, layout_misc_corridors, serial_rivers,
          chequers_serial_rivers_micro_c, chequers_serial_rivers_large_a,
          chequers_serial_rivers_small_b, chequers_serial_rivers_room_b,
          chequers_serial_rivers_micro_a, hibernation_bobbens
Orc:1:    layout_caves, basic_altar, uniq_jorgrun
Orc:2:    pf_orc_diabolical, layout_diamond_mine, serial_shops, shop,
          minmay_orc_temple_a

Skill      XL: |  1  2  3  4  5  6  7  8  9 10 11 12 13 14 15 |
---------------+----------------------------------------------+-----
Necromancy     | 1 |  1.7
Long Blades    | 3 7 10 | 10.9
Armour         | 1 2 3 4 5 |  5.7
Translocations | 1 2 3 4 5 |  5.7
Short Blades   | 1 2 3 4 5 6 |  6.6
Fighting       | 3 4 5 6 7 8 9 10 | 10.5
Summonings     | 1 2 3 4 5 6 7 |  7.0
Dodging        | 2 3 4 5 6 7 |  7.4
Stealth        | 1 3 4 5 |  5.2
Spellcasting   | 3 4 5 |  5.6
Conjurations   | 4 5 6 7 |  7.3
Ice Magic      | 1 |  1.0
Shields        | 2 3 4 |  4.7
Invocations    | 3 6 7 9 |  9.8
Fire Magic     | 1 |  1.0
Air Magic      | 1 |  1.0
Maces & Flails | 4 7 9 10 | 10.0
Evocations     | 3 4 |  4.5

Action                     |  1- 3 |  4- 6 |  7- 9 | 10-12 | 13-15 || total
---------------------------+-------+-------+-------+-------+-------++-------
  Melee: Falchion          |   117 |    10 |       |       |       ||   127
         Kick              |    21 |    41 |    97 |    39 |       ||   198
         Dagger            |       |   210 |   325 |   354 |   125 ||  1014
         Punch             |       |     1 |     4 |     7 |     5 ||    17
         Morningstar       |       |       |       |   200 |   502 ||   702
         Demon whip        |       |       |       |    31 |     9 ||    40
         Double sword      |       |       |       |       |   234 ||   234
         Dire flail        |       |       |       |       |    25 ||    25
  Throw: Boomerang         |       |       |       |     6 |       ||     6
         Javelin           |       |       |       |     2 |     4 ||     6
         Dart              |       |       |       |       |     1 ||     1
   Cast: Kiss of Death     |     2 |     1 |     5 |     1 |       ||     9
         Momentum Strike   |     1 |    16 |    17 |    18 |    10 ||    62
         Call Canine Famil |       |       |    11 |    58 |    27 ||    96
         Hailstorm         |       |       |       |    44 |    52 ||    96
         Kindle Blastspark |       |       |       |    16 |     9 ||    25
         Manifold Assault  |       |       |       |       |   117 ||   117
         Blink             |       |       |       |       |     2 ||     2
  Evoke: Wand              |       |       |     1 |     3 |     7 ||    11
         Phial of floods   |       |       |       |       |     1 ||     1
    Use: Scroll            |       |     9 |     6 |    11 |    13 ||    39
         Potion            |       |       |       |     3 |     7 ||    10
   Stab: Sleeping          |       |     1 |    10 |     8 |     6 ||    25
         Distracted        |       |       |     1 |    12 |     8 ||    21
         Betrayed ally     |       |       |       |       |     1 ||     1
 Armour: Leather armour    |    44 |    66 |    94 |   212 |   244 ||   660
         Ring mail         |       |       |       |     1 |   107 ||   108
  Dodge: Dodged            |    81 |    89 |   187 |   424 |   691 ||  1472
  Block: Other             |       |       |     8 |   203 |   375 ||   586
         Reflection        |       |       |       |    12 |    31 ||    43
         Buckler           |       |       |       |       |   124 ||   124

Table legend: (Time is in decaauts)
 A = Elapsed time spent in this place.
 B = Non-inter-level travel time spent in this place.
 C = Inter-level travel time spent in this place.
 D = Time resting spent in this place.
 E = Time spent auto-exploring this place.
 F = Levels seen in this place.
 G = Mean time per level.
                   A        B        C        D        E       F      G
               +--------+--------+--------+--------+--------+-----+--------+
         Total |  42136 |  38174 |   3962 |   2909 |  26947 |  26 | 1620.6 |
       Dungeon |  24419 |  21305 |   3114 |    799 |  16596 |  15 | 1627.9 |
          Lair |   9892 |   9140 |    752 |    268 |   7040 |   5 | 1978.4 |
  Orcish Mines |   3741 |   3646 |     95 |   1073 |   1570 |   2 | 1870.5 |
         Sewer |   1006 |   1006 |      0 |      0 |    675 |   1 | 1006.0 |
       Ossuary |    362 |    362 |      0 |      9 |    184 |   1 |  362.0 |
        Bailey |    949 |    949 |      0 |    248 |    259 |   1 |  949.0 |
      Ice Cave |   1763 |   1763 |      0 |    512 |    620 |   1 | 1763.0 |
               +--------+--------+--------+--------+--------+-----+--------+

Top non-repeatable levels by time:
   Orc:2: 3296 daAuts
     D:8: 2453 daAuts
  Lair:5: 2444 daAuts
  Lair:2: 2292 daAuts
    D:10: 2282 daAuts
     D:5: 2177 daAuts
     D:6: 1852 daAuts
    D:11: 1841 daAuts
    D:15: 1832 daAuts
   IceCv: 1763 daAuts
  Lair:4: 1760 daAuts
     D:9: 1755 daAuts
  Lair:3: 1727 daAuts
     D:3: 1701 daAuts
  Lair:1: 1667 daAuts
